RedWings vs Devils

Created - Thursday, December 17, 2015 at 03:29

Goals
1 2 3 T
RedWings 1 0 0 1
Devils 3 3 3 9
Shots
1 2 3 T
RedWings 20 10 7 37
Devils 10 12 12 34

1st period

1. RedWings , Ryan White 4 (Steve Downie, Aaron Ekblad) at 6:12
2. Devils , Drew Stafford 14 (Paul Stastny, Matt Greene) at 12:25
3. Devils , Paul Stastny 21 (Matt Greene, Drew Stafford) at 16:58
4. Devils , Zach Boychuk 4 (Matt Cullen, Scottie Upshall) at 19:13 (PP)

Penalties :
David Warsofsky (NJD) for Boarding (Minor) at 1:35, Shane Doan (Det) for Hooking (Minor) at 17:23

2nd period

5. Devils , Drew Stafford 15 (Paul Stastny, Tyler Johnson) at 7:07 (PP)
6. Devils , Drew Stafford 16 (Paul Stastny) at 8:53
7. Devils , Zach Boychuk 5 (Scottie Upshall, Matt Cullen) at 12:19 (PP)

Penalties :
Paul Postma (Det) for Hooking (Minor) at 3:51, Taylor Aronson (Det) for Roughing (Minor) at 5:59, Eric Gryba (Det) for Slashing (Minor) at 12:11

3rd period

8. Devils , Zach Boychuk 6 (Sergei Gonchar) at 2:52 (SH)
9. Devils , Paul Stastny 22 (Drew Stafford, Tyler Johnson) at 5:16 (PP)
10. Devils , Drew Stafford 17 (Brad Hunt, Paul Stastny) at 6:53

Penalties :
Shawn Horcoff (Det) for Roughing (Minor) at 0:07, Eric Gryba (Det) for Hooking (Minor) at 0:52, Devan Dubnyk (NJD) for Slashing (Minor) at 1:12 - Chris Wideman served the penalty, Chris VandeVelde (Det) for Hooking (Minor) at 4:57, Matt Irwin (NJD) for Hooking (Minor) at 11:02, Milan Michalek (Det) for Roughing (Minor) at 13:58, Radko Gudas (NJD) for Tripping (Minor) at 18:18

Goalie Stats

Ben Scrivens (Det), 6 saves from 10 shots - (0.600), 18:09 minutes
Jonas Hiller (Det), 19 saves from 24 shots - (0.792), L, 11-13-3, 41:51 minutes
Devan Dubnyk (NJD), 36 saves from 37 shots - (0.973), W, 15-8-2, 60:00 minutes

Players Stats for RedWings

Player Name              G  A  P  +/- PIM S  H  SB GA TA FO     MP     PP MP  PK MP  
------------------------------------------------------------------------------------
Aaron Ekblad             0  1  1  -2  0   7  1  0  0  2  0/0    22:32   2:58   5:47 
Chris VandeVelde         0  0  0   0  2   1  2  1  1  0  1/2    11:12   0:00   2:10 
Devante Smith-Pelly      0  0  0  -1  0   4  0  0  0  0  2/5    10:48   0:01   0:56 
Eric Gryba               0  0  0  -2  4   1  3  1  0  2  0/0    20:23   2:58   4:24 
John-Michael Liles       0  0  0  -3  0   0  1  1  3  2  0/0    24:14   3:02   3:43 
Mark Letestu             0  0  0  -2  0   0  0  0  2  0  6/14   14:45   3:02   0:00 
Martin Erat              0  0  0  -2  0   4  0  0  1  0  0/0    15:14   3:02   0:17 
Milan Michalek           0  0  0  -1  2   0  2  0  1  1  1/3    22:19   2:57   4:42 
Patrick Sharp            0  0  0  -2  0   4  1  0  2  0  0/1    16:02   3:02   1:08 
Paul Postma              0  0  0   0  2   1  0  0  0  1  0/0    14:16   0:00   0:00 
Ryan White               1  0  1  -1  0   3  1  0  1  0  3/4     8:54   0:00   0:00 
Shane Doan               0  0  0   0  2   1  2  0  4  0  2/8    21:45   2:56   4:48 
Shawn Horcoff            0  0  0   0  2   4  0  1  2  1  8/11   18:14   2:56   1:08 
Steve Downie             0  1  1  -1  0   2  2  0  3  0  0/0     8:54   0:00   0:00 
Taylor Aronson           0  0  0   0  2   0  4  0  0  1  0/0    22:39   3:01   4:49 
TJ Galiardi              0  0  0  -1  0   0  2  0  0  0  0/1    11:15   0:00   2:21 
Tomas Kopecky            0  0  0   0  0   2  1  0  0  0  0/1     9:03   0:00   0:00 
Zbynek Michalek          0  0  0  -2  0   3  1  1  0  2  0/0    16:02   0:00   0:00 

Players Stats for Devils

Player Name              G  A  P  +/- PIM S  H  SB GA TA FO     MP     PP MP  PK MP  
------------------------------------------------------------------------------------
Ales Hemsky              0  0  0   0  0   2  1  1  2  0  0/1    19:54   4:41   1:32 
Andrew Miller            0  0  0   0  0   1  1  0  0  1  4/7    14:05   0:00   0:00 
Brad Hunt                0  1  1   2  0   0  1  1  0  1  0/0    20:11   4:41   2:10 
Brendan Shinnimin        0  0  0  -1  0   0  0  0  0  0  2/3     7:52   0:00   0:59 
Chris Porter             0  0  0  -1  0   1  0  1  0  0  0/0     6:52   0:00   0:33 
Chris Wideman            0  0  0   0  0   0  1  0  0  0  0/0     6:56   3:47   1:25 
David Warsofsky          0  0  0   0  2   0  0  0  0  1  0/0    16:26   0:00   0:00 
Drew Stafford            4  2  6   4  0   6  2  0  3  0  0/1    15:40   4:35   0:00 
Jason Akeson             0  0  0   0  0   0  2  0  0  0  0/2    14:05   0:00   0:00 
Matt Cullen              0  2  2   0  0   1  0  0  0  0  9/18   19:51   3:53   4:26 
Matt Greene              0  2  2   2  0   1  3  3  1  1  0/0    17:54   0:00   3:48 
Matt Irwin               0  0  0   1  2   0  0  1  0  0  0/0    17:17   0:00   2:44 
Paul Stastny             2  4  6   4  0   9  2  0  4  1  10/14  17:06   4:35   0:00 
Radko Gudas              0  0  0   1  2   2  3  2  0  0  0/0    17:50   0:00   1:50 
Scottie Upshall          0  2  2   2  0   2  1  1  5  0  1/2    20:42   3:53   4:27 
Sergei Gonchar           0  1  1   2  0   0  1  0  0  1  0/0    19:01   3:47   0:01 
Tyler Johnson            0  2  2   2  0   3  0  0  1  2  1/1    22:13   4:35   0:00 
Zach Boychuk             3  0  3   1  0   6  3  1  1  1  0/1    18:24   3:53   0:01 

3 Stars

1 - Drew Stafford (NJD)
2 - Paul Stastny (NJD)
3 - Zach Boychuk (NJD)

Power Play

RedWings - 0 on 4 Attempt(s) - 0.00%
Devils - 4 on 8 Attempt(s) - 50.00%

Penalty Kill

RedWings - 4 on 8 Attempt(s) - 50.00% - Score 0 goal in Penalty Kill
Devils - 4 on 4 Attempt(s) - 100.00% - Score 1 goal in Penalty Kill

Team Stat

RedWings - Hits : 23 - Faceoff Wins : 23 - Blocked Shots : 5 - Penalty Minutes : 16
Devils - Hits : 21 - Faceoff Wins : 27 - Blocked Shots : 11 - Penalty Minutes : 6

Official

Referees : Unknown
Linesman : Unknown

Game Notes

Ben Scrivens enters game at 7:07 of 2nd period
Drew Stafford has scored a Hat Trick!
Zach Boychuk has scored a Hat Trick!
Jonas Hiller enters game at 5:16 of 3rd period

Finance

Level 1 -- Attendance: 5353 (89.22%) -- Ticket Income $401,475
Level 2 -- Attendance: 3537 (70.74%) -- Ticket Income $212,220
Level 3 -- Attendance: 1537 (76.85%) -- Ticket Income $53,795
Level 4 -- Attendance: 2347 (58.68%) -- Ticket Income $58,675
Luxury Box -- Attendance: 954 (95.40%) -- Ticket Income $152,640
Game was played at the Continental Airlines Arena.
Total Attendance: 13728 (76.27%)
Total Ticket Income: $878,805
Other Income: $430,614
Total Income: $1,309,419

RedWings

5 vs 5 Forward 
   Center                   Left Wing                Right Wing               Time % Phy DF OF 
 1 Shawn Horcoff            Shane Doan               Milan Michalek           35     0   2  3  
 2 Mark Letestu             Patrick Sharp            Martin Erat              25     0   2  3  
 3 Devante Smith-Pelly      Tomas Kopecky            Chris VandeVelde         20     0   3  2  
 4 Ryan White               Steve Downie             TJ Galiardi              20     0   2  3  

5 vs 5 Defense 
   Defense                  Defense                                           Time % Phy DF OF 
 1 Paul Postma              Taylor Aronson                                    35     0   3  2  
 2 Zbynek Michalek          John-Michael Liles                                30     0   3  2  
 3 Aaron Ekblad             Eric Gryba                                        22     0   3  2  
 4 John-Michael Liles       Zbynek Michalek                                   13     0   3  2  

PowerPlay Forward 
   Center                   Left Wing                Right Wing               Time % Phy DF OF 
 1 Shawn Horcoff            Shane Doan               Milan Michalek           60     0   2  3  
 2 Mark Letestu             Patrick Sharp            Martin Erat              40     0   2  3  

PowerPlay Defense
   Defense                  Defense                                           Time % Phy DF OF 
 1 Eric Gryba               Aaron Ekblad                                      60     0   2  3  
 2 Taylor Aronson           John-Michael Liles                                40     0   2  3  

Penalty Kill 4 Players Forward 
   Center                   Wing                     Time % Phy DF OF 
 1 Shane Doan               Milan Michalek           60     1   4  0  
 2 Patrick Sharp            Shawn Horcoff            40     1   4  0  

Penalty Kill 4 Players Defense
   Defense                  Defense                  Time % Phy DF OF 
 1 Aaron Ekblad             Eric Gryba               60     1   4  0  
 2 Taylor Aronson           John-Michael Liles       40     1   4  0  

Penalty Kill - 3 Players Forward 
   Forward                                           Time % Phy DF OF 
 1 Shane Doan                                        60     0   5  0  
 2 Milan Michalek                                    40     0   5  0  

Penalty Kill - 3 Players Defense
   Defense                  Defense                  Time % Phy DF OF 
 1 Taylor Aronson           Aaron Ekblad             60     0   5  0  
 2 Eric Gryba               John-Michael Liles       40     0   5  0  

4 vs 4 Forward 
   Center                   Wing                     Time % Phy DF OF 
 1 Shane Doan               Milan Michalek           60     0   3  2  
 2 Patrick Sharp            Shawn Horcoff            40     0   3  2  

4 vs 4 Defense
   Defense                  Defense                  Time % Phy DF OF 
 1 Aaron Ekblad             Taylor Aronson           60     0   3  2  
 2 Eric Gryba               John-Michael Liles       40     0   3  2  

Last Minutes Offensive
   Center                   Left Wing                Right Wing               Defense                  Defense                  
   Shawn Horcoff            Shane Doan               Milan Michalek           Paul Postma              Taylor Aronson           

Last Minutes Defensive
   Center                   Left Wing                Right Wing               Defense                  Defense                  
   Shawn Horcoff            Shane Doan               Milan Michalek           Paul Postma              Taylor Aronson           

Goaltenders
Starting : Jonas Hiller             
Backup : Ben Scrivens             

Extra Forwards
Normal : Devante Smith-Pelly, Tomas Kopecky, Chris VandeVelde - PP : Devante Smith-Pelly, Tomas Kopecky - PK : Chris VandeVelde
Extra Defensemen
Normal : Aaron Ekblad, Eric Gryba, John-Michael Liles - PP : Aaron Ekblad - PK : Eric Gryba, Aaron Ekblad
Penalty Shots
Shane Doan, Milan Michalek, Patrick Sharp, Shawn Horcoff, Martin Erat

Devils

5 vs 5 Forward 
   Center                   Left Wing                Right Wing               Time % Phy DF OF 
 1 Paul Stastny             Tyler Johnson            Drew Stafford            38     0   0  5  
 2 Matt Cullen              Scottie Upshall          Ales Hemsky              30     1   2  2  
 3 Andrew Miller            Zach Boychuk             Jason Akeson             22     1   2  2  
 4 Brendan Shinnimin        Chris Porter             Tyler Johnson            10     1   2  2  

5 vs 5 Defense 
   Defense                  Defense                                           Time % Phy DF OF 
 1 Matt Greene              Brad Hunt                                         35     1   2  2  
 2 Radko Gudas              David Warsofsky                                   34     1   2  2  
 3 Matt Irwin               Sergei Gonchar                                    30     1   2  2  
 4 Chris Wideman            Sergei Gonchar                                    1      1   2  2  

PowerPlay Forward 
   Center                   Left Wing                Right Wing               Time % Phy DF OF 
 1 Paul Stastny             Tyler Johnson            Drew Stafford            60     0   0  5  
 2 Matt Cullen              Zach Boychuk             Scottie Upshall          40     0   0  5  

PowerPlay Defense
   Defense                  Defense                                           Time % Phy DF OF 
 1 Ales Hemsky              Brad Hunt                                         60     0   0  5  
 2 Chris Wideman            Sergei Gonchar                                    40     0   0  5  

Penalty Kill 4 Players Forward 
   Center                   Wing                     Time % Phy DF OF 
 1 Matt Cullen              Scottie Upshall          60     0   5  0  
 2 Brendan Shinnimin        Ales Hemsky              40     0   5  0  

Penalty Kill 4 Players Defense
   Defense                  Defense                  Time % Phy DF OF 
 1 Matt Greene              Matt Irwin               60     0   5  0  
 2 Radko Gudas              Brad Hunt                40     0   5  0  

Penalty Kill - 3 Players Forward 
   Forward                                           Time % Phy DF OF 
 1 Matt Cullen                                       60     0   5  0  
 2 Brendan Shinnimin                                 40     0   5  0  

Penalty Kill - 3 Players Defense
   Defense                  Defense                  Time % Phy DF OF 
 1 Matt Greene              Matt Irwin               60     0   5  0  
 2 Radko Gudas              Brad Hunt                40     0   5  0  

4 vs 4 Forward 
   Center                   Wing                     Time % Phy DF OF 
 1 Paul Stastny             Tyler Johnson            60     0   0  5  
 2 Brendan Shinnimin        Matt Cullen              40     1   3  1  

4 vs 4 Defense
   Defense                  Defense                  Time % Phy DF OF 
 1 Matt Greene              Brad Hunt                60     0   0  5  
 2 Radko Gudas              Sergei Gonchar           40     1   3  1  

Last Minutes Offensive
   Center                   Left Wing                Right Wing               Defense                  Defense                  
   Paul Stastny             Tyler Johnson            Drew Stafford            Brad Hunt                Chris Wideman            

Last Minutes Defensive
   Center                   Left Wing                Right Wing               Defense                  Defense                  
   Paul Stastny             Matt Cullen              Scottie Upshall          Matt Greene              Radko Gudas              

Goaltenders
Starting : Devan Dubnyk             
Backup : Thomas Greiss            

Extra Forwards
Normal : Tyler Johnson, Scottie Upshall, Zach Boychuk - PP : Zach Boychuk, Jason Akeson - PK : Ales Hemsky
Extra Defensemen
Normal : Chris Wideman, Matt Greene, Radko Gudas - PP : Radko Gudas - PK : Chris Wideman, David Warsofsky
Penalty Shots
Matt Cullen, Drew Stafford, Ales Hemsky, Tyler Johnson, Andrew Miller

% Time on Ice - RedWings

Lines # - Real PCT - Wanted PCT - Time Play
Normal Forward
1 - 32% - 35% - 14:05
2 - 27% - 25% - 11:52
3 - 21% - 20% - 9:03
4 - 20% - 20% - 8:54
Normal Defense
1 - 36% - 35% - 15:41
2 - 30% - 30% - 13:16
3 - 26% - 22% - 11:29
4 - 8% - 13% - 3:28
PP Forward
1 - 49% - 60% - 2:57
2 - 51% - 40% - 3:02
PP Defense
1 - 49% - 60% - 2:57
2 - 51% - 40% - 3:02
PK Forward
1 - 86% - 60% - 7:00
2 - 14% - 40% - 1:08
PK Defense
1 - 56% - 60% - 4:33
2 - 44% - 40% - 3:35
PK3 Forward
1 - 100% - 60% - 1:14
2 - 0% - 40% - 0:00
PK3 Defense
1 - 100% - 60% - 1:14
2 - 0% - 40% - 0:00
44 Forward
1 - 100% - 60% - 0:45
2 - 0% - 40% - 0:00
44 Defense
1 - 0% - 60% - 0:00
2 - 100% - 40% - 0:45
Last Minute Offensive  - 0:00
Last Minute Defensive  - 0:00
Total
Forward - 60:00
Defense - 60:00

% Time on Ice - Devils

Lines # - Real PCT - Wanted PCT - Time Play
Normal Forward
1 - 26% - 38% - 11:24
2 - 28% - 30% - 12:25
3 - 32% - 22% - 14:05
4 - 14% - 10% - 6:00
Normal Defense
1 - 31% - 35% - 13:28
2 - 36% - 34% - 15:37
3 - 30% - 30% - 13:05
4 - 4% - 1% - 1:44
PP Forward
1 - 54% - 60% - 4:35
2 - 46% - 40% - 3:53
PP Defense
1 - 55% - 60% - 4:41
2 - 45% - 40% - 3:47
PK Forward
1 - 84% - 60% - 5:00
2 - 16% - 40% - 0:59
PK Defense
1 - 64% - 60% - 3:48
2 - 36% - 40% - 2:11
PK3 Forward
1 - 0% - 60%
2 - 0% - 40%
PK3 Defense
1 - 0% - 60%
2 - 0% - 40%
44 Forward
1 - 100% - 60% - 1:39
2 - 0% - 40% - 0:00
44 Defense
1 - 76% - 60% - 1:15
2 - 24% - 40% - 0:24
Last Minute Offensive  - 0:00
Last Minute Defensive  - 0:00
Total
Forward - 60:00
Defense - 60:00

Play by Play

1st period


0:01 of 1st period - Paul Stastny wins face-off versus Milan Michalek in neutral zone.
0:34 of 1st period - Wrist shot by Shane Doan.
0:34 of 1st period - Deflect By Paul Stastny.
0:34 of 1st period - Shot Blocked by Matt Greene.
0:34 of 1st period - Puck is out of play.
0:35 of 1st period - Scottie Upshall wins face-off versus Mark Letestu in Devils zone.
0:47 of 1st period - Snap shot by Patrick Sharp.
0:47 of 1st period - Shot Blocked by Ales Hemsky.
0:49 of 1st period - Snap shot by Mark Letestu.
0:49 of 1st period - Shot Misses the Net.
0:51 of 1st period - Slapshot by Zbynek Michalek.
0:51 of 1st period - Shot Misses the Net.
0:53 of 1st period - Slapshot by Zbynek Michalek.
0:53 of 1st period - Stopped by Devan Dubnyk without a rebound.
0:54 of 1st period - Mark Letestu wins face-off versus Matt Cullen in Devils zone.
1:35 of 1st period - Minor Penalty to David Warsofsky for Boarding.
1:36 of 1st period - Shawn Horcoff wins face-off versus Matt Cullen in Devils zone.
1:40 of 1st period - Snap shot by Shawn Horcoff.
1:40 of 1st period - Stopped by Devan Dubnyk with a rebound.
1:42 of 1st period - Backhand shot by Shawn Horcoff.
1:42 of 1st period - Stopped by Devan Dubnyk with a rebound.
1:44 of 1st period - Slapshot by Eric Gryba.
1:44 of 1st period - Shot Blocked by Scottie Upshall.
1:46 of 1st period - Snap shot by Aaron Ekblad.
1:46 of 1st period - Deflect By Matt Irwin.
1:46 of 1st period - Stopped by Devan Dubnyk with a rebound.
2:09 of 1st period - Slapshot by Aaron Ekblad.
2:09 of 1st period - Deflect By Shawn Horcoff.
2:09 of 1st period - Stopped by Devan Dubnyk with a rebound.
2:11 of 1st period - Snap shot by Shane Doan.
2:11 of 1st period - Stopped by Devan Dubnyk without a rebound.
2:12 of 1st period - Brendan Shinnimin wins face-off versus Mark Letestu in Devils zone.
2:21 of 1st period - Snap shot by Patrick Sharp.
2:21 of 1st period - Deflect By Martin Erat.
2:21 of 1st period - Stopped by Devan Dubnyk with a rebound.
3:05 of 1st period - Scottie Upshall is hit by Taylor Aronson.
3:19 of 1st period - Matt Cullen is hit by Shane Doan and loses puck.
3:35 of 1st period - Penalty to David Warsofsky is over, David Warsofsky is back on ice.
4:05 of 1st period - Wrist shot by Steve Downie.
4:05 of 1st period - Shot Misses the Net.
4:15 of 1st period - Snap shot by Ryan White.
4:15 of 1st period - Shot Misses the Net.
4:38 of 1st period - Tyler Johnson is hit by Chris VandeVelde and loses puck.
5:21 of 1st period - Eric Gryba is hit by Jason Akeson.
5:34 of 1st period - John-Michael Liles is hit by Andrew Miller and loses puck.
5:41 of 1st period - Shane Doan is hit by Chris Wideman and loses puck.
6:05 of 1st period - Radko Gudas is hit by Steve Downie and loses puck.
6:12 of 1st period - Snap shot by Ryan White.
6:12 of 1st period - Goal by Ryan White - RedWings : 1 - Devils : 0.
6:13 of 1st period - Paul Stastny wins face-off versus Mark Letestu in neutral zone.
6:26 of 1st period - Slapshot by Martin Erat.
6:26 of 1st period - Stopped by Devan Dubnyk without a rebound.
6:27 of 1st period - Mark Letestu wins face-off versus Paul Stastny in Devils zone.
6:28 of 1st period - Snap shot by Patrick Sharp.
6:28 of 1st period - Stopped by Devan Dubnyk with a rebound.
6:30 of 1st period - Slapshot by Zbynek Michalek.
6:30 of 1st period - Shot Blocked by Matt Greene.
6:32 of 1st period - Slapshot by Zbynek Michalek.
6:32 of 1st period - Stopped by Devan Dubnyk with a rebound.
6:34 of 1st period - Slapshot by John-Michael Liles.
6:34 of 1st period - Shot Blocked by Matt Greene.
6:36 of 1st period - Snap shot by Martin Erat.
6:36 of 1st period - Shot Misses the Net.
7:14 of 1st period - Sergei Gonchar is hit by Tomas Kopecky and loses puck.
8:29 of 1st period - Snap shot by Ryan White.
8:29 of 1st period - Stopped by Devan Dubnyk with a rebound.
8:31 of 1st period - Slapshot by Aaron Ekblad.
8:31 of 1st period - Stopped by Devan Dubnyk with a rebound.
8:39 of 1st period - Wrist shot by Aaron Ekblad.
8:39 of 1st period - Stopped by Devan Dubnyk with a rebound.
8:45 of 1st period - Slapshot by Aaron Ekblad.
8:45 of 1st period - Stopped by Devan Dubnyk with a rebound.
8:47 of 1st period - Slapshot by Eric Gryba.
8:47 of 1st period - Deflect By Matt Irwin.
8:47 of 1st period - Stopped by Devan Dubnyk without a rebound.
8:48 of 1st period - Matt Cullen wins face-off versus Mark Letestu in Devils zone.
9:11 of 1st period - Wrist shot by Ales Hemsky.
9:11 of 1st period - Stopped by Jonas Hiller with a rebound.
9:19 of 1st period - Wrist shot by Ales Hemsky.
9:19 of 1st period - Shot Blocked by John-Michael Liles.
9:21 of 1st period - Snap shot by Radko Gudas.
9:21 of 1st period - Stopped by Jonas Hiller with a rebound.
9:23 of 1st period - Wrist shot by Scottie Upshall.
9:23 of 1st period - Stopped by Jonas Hiller with a rebound.
10:00 of 1st period - Snap shot by Chris VandeVelde.
10:00 of 1st period - Stopped by Devan Dubnyk without a rebound.
10:01 of 1st period - Andrew Miller wins face-off versus Tomas Kopecky in Devils zone.
10:57 of 1st period - Shawn Horcoff is hit by Scottie Upshall and loses puck.
11:04 of 1st period - Sergei Gonchar is hit by Milan Michalek and loses puck.
11:25 of 1st period - Wrist shot by Steve Downie.
11:25 of 1st period - Shot Blocked by Radko Gudas.
11:27 of 1st period - Wrist shot by Steve Downie.
11:27 of 1st period - Stopped by Devan Dubnyk with a rebound.
11:37 of 1st period - Slapshot by Aaron Ekblad.
11:37 of 1st period - Shot Misses the Net.
11:39 of 1st period - Wrist shot by Steve Downie.
11:39 of 1st period - Shot Misses the Net.
11:41 of 1st period - Slapshot by Ryan White.
11:41 of 1st period - Shot Misses the Net.
11:43 of 1st period - Wrist shot by TJ Galiardi.
11:43 of 1st period - Shot Blocked by Chris Porter.
12:17 of 1st period - Wrist shot by Drew Stafford.
12:17 of 1st period - Shot Misses the Net.
12:25 of 1st period - Snap shot by Drew Stafford.
12:25 of 1st period - Goal by Drew Stafford - RedWings : 1 - Devils : 1.
12:26 of 1st period - Milan Michalek wins face-off versus Andrew Miller in neutral zone.
13:17 of 1st period - Sergei Gonchar is hit by Steve Downie and loses puck.
14:25 of 1st period - Snap shot by Zach Boychuk.
14:25 of 1st period - Shot Hit the Post.
14:27 of 1st period - Backhand shot by Andrew Miller.
14:27 of 1st period - Shot Blocked by Chris VandeVelde.
14:29 of 1st period - Wrist shot by Andrew Miller.
14:29 of 1st period - Shot Misses the Net.
14:31 of 1st period - Snap shot by Zach Boychuk.
14:31 of 1st period - Shot Misses the Net.
14:33 of 1st period - Slapshot by Radko Gudas.
14:33 of 1st period - Stopped by Jonas Hiller with a rebound.
14:59 of 1st period - Snap shot by Martin Erat.
14:59 of 1st period - Stopped by Devan Dubnyk without a rebound.
15:00 of 1st period - Mark Letestu wins face-off versus Matt Cullen in Devils zone.
15:20 of 1st period - Off-side.
15:21 of 1st period - Shawn Horcoff wins face-off versus Andrew Miller in neutral zone.
15:24 of 1st period - Jason Akeson is hit by Milan Michalek and loses puck.
16:13 of 1st period - Icing by Matt Cullen.
16:14 of 1st period - Ryan White wins face-off versus Matt Cullen in Devils zone.
16:50 of 1st period - Wrist shot by Drew Stafford.
16:50 of 1st period - Stopped by Jonas Hiller with a rebound.
16:52 of 1st period - Wrist shot by Paul Stastny.
16:52 of 1st period - Shot Misses the Net.
16:54 of 1st period - Wrist shot by Matt Greene.
16:54 of 1st period - Deflect By Paul Stastny.
16:54 of 1st period - Stopped by Jonas Hiller with a rebound.
16:56 of 1st period - Slapshot by Matt Greene.
16:56 of 1st period - Stopped by Jonas Hiller with a rebound.
16:58 of 1st period - Snap shot by Paul Stastny.
16:58 of 1st period - Goal by Paul Stastny - RedWings : 1 - Devils : 2.
16:59 of 1st period - Paul Stastny wins face-off versus Shawn Horcoff in neutral zone.
17:23 of 1st period - Minor Penalty to Shane Doan for Hooking.
17:24 of 1st period - Chris VandeVelde wins face-off versus Matt Cullen in RedWings zone.
18:36 of 1st period - Off-side.
18:37 of 1st period - Paul Stastny wins face-off versus TJ Galiardi in neutral zone.
18:40 of 1st period - Milan Michalek is hit by Drew Stafford.
19:11 of 1st period - Slapshot by Scottie Upshall.
19:11 of 1st period - Shot Misses the Net.
19:13 of 1st period - Slapshot by Matt Cullen.
19:13 of 1st period - Deflect By Zach Boychuk.
19:13 of 1st period - Goal by Zach Boychuk - RedWings : 1 - Devils : 3.
19:14 of 1st period - Mark Letestu wins face-off versus Andrew Miller in neutral zone.
19:45 of 1st period - Snap shot by Patrick Sharp.
19:45 of 1st period - Shot Misses the Net.
19:47 of 1st period - Slapshot by Zbynek Michalek.
19:47 of 1st period - Stopped by Devan Dubnyk with a rebound.
19:49 of 1st period - Slapshot by Zbynek Michalek.
19:49 of 1st period - Shot Blocked by Radko Gudas.
19:51 of 1st period - Snap shot by Mark Letestu.
19:51 of 1st period - Shot Misses the Net.
Goals for this period are 1 for RedWings vs 3 for Devils.
Shots for this period are 20 for RedWings vs 10 for Devils.

2nd period


0:01 of 2nd period - Paul Stastny wins face-off versus Shawn Horcoff in neutral zone.
0:39 of 2nd period - Tyler Johnson is hit by Taylor Aronson and loses puck.
0:52 of 2nd period - Chris VandeVelde is hit by Sergei Gonchar and loses puck.
1:08 of 2nd period - Snap shot by Devante Smith-Pelly.
1:08 of 2nd period - Stopped by Devan Dubnyk with a rebound.
1:10 of 2nd period - Slapshot by Eric Gryba.
1:10 of 2nd period - Shot Misses the Net.
2:22 of 2nd period - Wrist shot by Chris Porter.
2:22 of 2nd period - Shot Misses the Net.
2:38 of 2nd period - Wrist shot by Tyler Johnson.
2:38 of 2nd period - Deflect By Eric Gryba.
2:38 of 2nd period - Shot Misses the Net.
2:38 of 2nd period - Puck is out of play.
2:39 of 2nd period - Shawn Horcoff wins face-off versus Paul Stastny in RedWings zone.
3:03 of 2nd period - Drew Stafford is hit by Zbynek Michalek and loses puck.
3:24 of 2nd period - Tomas Kopecky is hit by Radko Gudas and loses puck.
3:38 of 2nd period - Snap shot by Paul Postma.
3:38 of 2nd period - Deflect By Ales Hemsky.
3:38 of 2nd period - Stopped by Devan Dubnyk with a rebound.
3:40 of 2nd period - Wrist shot by Devante Smith-Pelly.
3:40 of 2nd period - Stopped by Devan Dubnyk with a rebound.
3:42 of 2nd period - Wrist shot by Devante Smith-Pelly.
3:42 of 2nd period - Stopped by Devan Dubnyk without a rebound.
3:43 of 2nd period - Andrew Miller wins face-off versus Mark Letestu in Devils zone.
3:43 of 2nd period - Andrew Miller is hit by Taylor Aronson.
3:49 of 2nd period - Snap shot by Zach Boychuk.
3:49 of 2nd period - Stopped by Jonas Hiller with a rebound.
3:51 of 2nd period - Minor Penalty to Paul Postma for Hooking.
3:52 of 2nd period - Matt Cullen wins face-off versus Shane Doan in RedWings zone.
3:53 of 2nd period - Slapshot by Scottie Upshall.
3:53 of 2nd period - Shot Misses the Net.
3:55 of 2nd period - Snap shot by Scottie Upshall.
3:55 of 2nd period - Shot Misses the Net.
3:59 of 2nd period - Wrist shot by Scottie Upshall.
3:59 of 2nd period - Shot Misses the Net.
4:46 of 2nd period - Eric Gryba is hit by Paul Stastny.
4:52 of 2nd period - Slapshot by Paul Stastny.
4:52 of 2nd period - Stopped by Jonas Hiller with a rebound.
4:54 of 2nd period - Snap shot by Drew Stafford.
4:54 of 2nd period - Shot Blocked by Eric Gryba.
5:51 of 2nd period - Penalty to Paul Postma is over, Paul Postma is back on ice.
5:54 of 2nd period - Icing by Shawn Horcoff.
5:55 of 2nd period - Andrew Miller wins face-off versus Patrick Sharp in RedWings zone.
5:59 of 2nd period - Minor Penalty to Taylor Aronson for Roughing.
6:00 of 2nd period - Paul Stastny wins face-off versus Shane Doan in RedWings zone.
6:08 of 2nd period - Slapshot by Paul Stastny.
6:08 of 2nd period - Stopped by Jonas Hiller with a rebound.
6:10 of 2nd period - Backhand shot by Tyler Johnson.
6:10 of 2nd period - Shot Misses the Net.
6:12 of 2nd period - Snap shot by Drew Stafford.
6:12 of 2nd period - Shot Misses the Net.
6:59 of 2nd period - Snap shot by Paul Stastny.
6:59 of 2nd period - Stopped by Jonas Hiller with a rebound.
7:01 of 2nd period - Snap shot by Tyler Johnson.
7:01 of 2nd period - Shot Misses the Net.
7:03 of 2nd period - Snap shot by Drew Stafford.
7:03 of 2nd period - Shot Misses the Net.
7:05 of 2nd period - Snap shot by Paul Stastny.
7:05 of 2nd period - Stopped by Jonas Hiller with a rebound.
7:07 of 2nd period - Snap shot by Drew Stafford.
7:07 of 2nd period - Goal by Drew Stafford - RedWings : 1 - Devils : 4.
7:07 of 2nd period - Ben Scrivens enters game.
7:08 of 2nd period - Matt Cullen wins face-off versus Devante Smith-Pelly in neutral zone.
7:19 of 2nd period - Snap shot by Chris VandeVelde.
7:19 of 2nd period - Shot Misses the Net.
8:15 of 2nd period - Zach Boychuk is hit by TJ Galiardi and loses puck.
8:46 of 2nd period - Zbynek Michalek is hit by Drew Stafford and loses puck.
8:51 of 2nd period - Wrist shot by Paul Stastny.
8:51 of 2nd period - Stopped by Ben Scrivens with a rebound.
8:53 of 2nd period - Snap shot by Drew Stafford.
8:53 of 2nd period - Goal by Drew Stafford - RedWings : 1 - Devils : 5.
8:54 of 2nd period - Shawn Horcoff wins face-off versus Paul Stastny in neutral zone.
8:57 of 2nd period - Slapshot by Aaron Ekblad.
8:57 of 2nd period - Stopped by Devan Dubnyk with a rebound.
9:22 of 2nd period - Wrist shot by Shawn Horcoff.
9:22 of 2nd period - Stopped by Devan Dubnyk with a rebound.
10:02 of 2nd period - Backhand shot by Zach Boychuk.
10:02 of 2nd period - Stopped by Ben Scrivens without a rebound.
10:03 of 2nd period - Devante Smith-Pelly wins face-off versus Matt Cullen in RedWings zone.
11:20 of 2nd period - Snap shot by Ryan White.
11:20 of 2nd period - Stopped by Devan Dubnyk with a rebound.
12:11 of 2nd period - Minor Penalty to Eric Gryba for Slashing.
12:12 of 2nd period - Matt Cullen wins face-off versus Shane Doan in RedWings zone.
12:17 of 2nd period - Snap shot by Scottie Upshall.
12:17 of 2nd period - Shot Misses the Net.
12:19 of 2nd period - Slapshot by Zach Boychuk.
12:19 of 2nd period - Goal by Zach Boychuk - RedWings : 1 - Devils : 6.
12:20 of 2nd period - Matt Cullen wins face-off versus Mark Letestu in neutral zone.
12:51 of 2nd period - Off-side.
12:52 of 2nd period - Shawn Horcoff wins face-off versus Jason Akeson in neutral zone.
13:11 of 2nd period - Snap shot by Milan Michalek.
13:11 of 2nd period - Shot Blocked by Zach Boychuk.
13:21 of 2nd period - Slapshot by Zach Boychuk.
13:21 of 2nd period - Stopped by Ben Scrivens with a rebound.
13:23 of 2nd period - Slapshot by Matt Greene.
13:23 of 2nd period - Shot Blocked by Shawn Horcoff.
13:25 of 2nd period - Snap shot by Andrew Miller.
13:25 of 2nd period - Stopped by Ben Scrivens with a rebound.
13:43 of 2nd period - Snap shot by Paul Stastny.
13:43 of 2nd period - Shot Misses the Net.
14:45 of 2nd period - Tomas Kopecky is hit by Ales Hemsky and loses puck.
15:00 of 2nd period - Snap shot by Patrick Sharp.
15:00 of 2nd period - Shot Hit the Post.
15:45 of 2nd period - Slapshot by Steve Downie.
15:45 of 2nd period - Shot Misses the Net.
15:59 of 2nd period - Icing by Zach Boychuk.
16:00 of 2nd period - Ryan White wins face-off versus Jason Akeson in Devils zone.
16:21 of 2nd period - Off-side.
16:22 of 2nd period - Devante Smith-Pelly wins face-off versus Ales Hemsky in neutral zone.
16:37 of 2nd period - Slapshot by John-Michael Liles.
16:37 of 2nd period - Shot Blocked by Brad Hunt.
16:39 of 2nd period - Wrist shot by Tomas Kopecky.
16:39 of 2nd period - Stopped by Devan Dubnyk with a rebound.
16:41 of 2nd period - Snap shot by Tomas Kopecky.
16:41 of 2nd period - Stopped by Devan Dubnyk with a rebound.
16:43 of 2nd period - Slapshot by Zbynek Michalek.
16:43 of 2nd period - Deflect By Devante Smith-Pelly.
16:43 of 2nd period - Stopped by Devan Dubnyk with a rebound.
17:15 of 2nd period - Drew Stafford is hit by Patrick Sharp and loses puck.
17:26 of 2nd period - Mark Letestu is hit by Matt Greene and loses puck.
18:33 of 2nd period - Snap shot by Tyler Johnson.
18:33 of 2nd period - Shot Misses the Net.
19:13 of 2nd period - Shawn Horcoff is hit by Paul Stastny.
19:45 of 2nd period - Zbynek Michalek is hit by Zach Boychuk and loses puck.
Goals for this period are 0 for RedWings vs 3 for Devils.
Shots for this period are 10 for RedWings vs 12 for Devils.

3rd period


0:01 of 3rd period - Paul Stastny wins face-off versus Shane Doan in neutral zone.
0:07 of 3rd period - Minor Penalty to Shawn Horcoff for Roughing.
0:08 of 3rd period - Paul Stastny wins face-off versus Shane Doan in RedWings zone.
0:52 of 3rd period - Minor Penalty to Eric Gryba for Hooking.
0:53 of 3rd period - Shane Doan wins face-off versus Matt Cullen in RedWings zone.
1:12 of 3rd period - Slapshot by Aaron Ekblad.
1:12 of 3rd period - Stopped by Devan Dubnyk without a rebound.
1:12 of 3rd period - Minor Penalty to Devan Dubnyk for Slashing.
1:13 of 3rd period - Paul Stastny wins face-off versus Shane Doan in Devils zone.
1:38 of 3rd period - Slapshot by Paul Stastny.
1:38 of 3rd period - Shot Misses the Net.
2:06 of 3rd period - Taylor Aronson is hit by Matt Greene.
2:07 of 3rd period - Penalty to Shawn Horcoff is over, Shawn Horcoff is back on ice.
2:26 of 3rd period - John-Michael Liles is hit by Brad Hunt and loses puck.
2:35 of 3rd period - Tyler Johnson is hit by Aaron Ekblad.
2:52 of 3rd period - Penalty to Eric Gryba is over, Eric Gryba is back on ice.
2:52 of 3rd period - Snap shot by Zach Boychuk.
2:52 of 3rd period - Goal by Zach Boychuk - RedWings : 1 - Devils : 7.
2:53 of 3rd period - Matt Cullen wins face-off versus Mark Letestu in neutral zone.
3:12 of 3rd period - Penalty to Chris Wideman is over, Chris Wideman is back on ice.
3:18 of 3rd period - John-Michael Liles is hit by Matt Greene and loses puck.
3:44 of 3rd period - TJ Galiardi is hit by Jason Akeson.
3:58 of 3rd period - Matt Cullen is hit by Ryan White and loses puck.
4:39 of 3rd period - Tyler Johnson is hit by Chris VandeVelde and loses puck.
4:48 of 3rd period - Snap shot by Tyler Johnson.
4:48 of 3rd period - Stopped by Ben Scrivens with a rebound.
4:50 of 3rd period - Wrist shot by Chris Porter.
4:50 of 3rd period - Stopped by Ben Scrivens with a rebound.
4:52 of 3rd period - Slapshot by Chris Wideman.
4:52 of 3rd period - Shot Blocked by Zbynek Michalek.
4:57 of 3rd period - Minor Penalty to Chris VandeVelde for Hooking.
4:58 of 3rd period - Shane Doan wins face-off versus Drew Stafford in RedWings zone.
5:16 of 3rd period - Backhand shot by Drew Stafford.
5:16 of 3rd period - Deflect By Paul Stastny.
5:16 of 3rd period - Goal by Paul Stastny - RedWings : 1 - Devils : 8.
5:16 of 3rd period - Jonas Hiller enters game.
5:17 of 3rd period - Matt Cullen wins face-off versus Shawn Horcoff in neutral zone.
5:26 of 3rd period - Wrist shot by Scottie Upshall.
5:26 of 3rd period - Stopped by Jonas Hiller with a rebound.
5:53 of 3rd period - Snap shot by Ales Hemsky.
5:53 of 3rd period - Stopped by Jonas Hiller with a rebound.
6:11 of 3rd period - Paul Postma is hit by Zach Boychuk and loses puck.
6:18 of 3rd period - Mark Letestu is hit by Zach Boychuk.
6:23 of 3rd period - Off-side.
6:24 of 3rd period - Ryan White wins face-off versus Paul Stastny in neutral zone.
6:51 of 3rd period - Slapshot by Drew Stafford.
6:51 of 3rd period - Stopped by Jonas Hiller with a rebound.
6:53 of 3rd period - Slapshot by Brad Hunt.
6:53 of 3rd period - Deflect By Drew Stafford.
6:53 of 3rd period - Goal by Drew Stafford - RedWings : 1 - Devils : 9.
6:54 of 3rd period - Matt Cullen wins face-off versus Milan Michalek in neutral zone.
7:00 of 3rd period - Off-side.
7:01 of 3rd period - Shawn Horcoff wins face-off versus Scottie Upshall in neutral zone.
8:12 of 3rd period - Snap shot by Patrick Sharp.
8:12 of 3rd period - Stopped by Devan Dubnyk with a rebound.
8:22 of 3rd period - Aaron Ekblad is hit by Radko Gudas and loses puck.
8:31 of 3rd period - Mark Letestu is hit by Radko Gudas and loses puck.
9:08 of 3rd period - Snap shot by Chris VandeVelde.
9:08 of 3rd period - Deflect By Tomas Kopecky.
9:08 of 3rd period - Shot Misses the Net.
9:08 of 3rd period - Puck is out of play.
9:09 of 3rd period - Matt Cullen wins face-off versus Ryan White in Devils zone.
9:32 of 3rd period - Wrist shot by Steve Downie.
9:32 of 3rd period - Stopped by Devan Dubnyk without a rebound.
9:33 of 3rd period - Shawn Horcoff wins face-off versus Brendan Shinnimin in Devils zone.
10:02 of 3rd period - Sergei Gonchar is hit by Taylor Aronson and loses puck.
11:02 of 3rd period - Minor Penalty to Matt Irwin for Hooking.
11:03 of 3rd period - Mark Letestu wins face-off versus Matt Cullen in Devils zone.
11:09 of 3rd period - Slapshot by Patrick Sharp.
11:09 of 3rd period - Stopped by Devan Dubnyk with a rebound.
11:55 of 3rd period - Scottie Upshall is hit by Eric Gryba and loses puck.
12:15 of 3rd period - Snap shot by Matt Cullen.
12:15 of 3rd period - Stopped by Jonas Hiller with a rebound.
12:48 of 3rd period - Ales Hemsky is hit by Shane Doan and loses puck.
13:02 of 3rd period - Penalty to Matt Irwin is over, Matt Irwin is back on ice.
13:27 of 3rd period - Tyler Johnson is hit by Eric Gryba and loses puck.
13:46 of 3rd period - Snap shot by Paul Stastny.
13:46 of 3rd period - Stopped by Jonas Hiller with a rebound.
13:58 of 3rd period - Minor Penalty to Milan Michalek for Roughing.
13:59 of 3rd period - Paul Stastny wins face-off versus Chris VandeVelde in RedWings zone.
14:45 of 3rd period - Slapshot by John-Michael Liles.
14:45 of 3rd period - Shot Misses the Net.
14:55 of 3rd period - Ales Hemsky is hit by John-Michael Liles and loses puck.
15:58 of 3rd period - Penalty to Milan Michalek is over, Milan Michalek is back on ice.
16:25 of 3rd period - Wrist shot by Martin Erat.
16:25 of 3rd period - Stopped by Devan Dubnyk without a rebound.
16:26 of 3rd period - Mark Letestu wins face-off versus Zach Boychuk in Devils zone.
16:27 of 3rd period - Wrist shot by Patrick Sharp.
16:27 of 3rd period - Stopped by Devan Dubnyk without a rebound.
16:28 of 3rd period - Andrew Miller wins face-off versus Mark Letestu in Devils zone.
16:35 of 3rd period - Snap shot by Patrick Sharp.
16:35 of 3rd period - Shot Misses the Net.
16:42 of 3rd period - Off-side.
16:43 of 3rd period - Tyler Johnson wins face-off versus Devante Smith-Pelly in neutral zone.
16:46 of 3rd period - Slapshot by Tyler Johnson.
16:46 of 3rd period - Stopped by Jonas Hiller with a rebound.
16:48 of 3rd period - Snap shot by David Warsofsky.
16:48 of 3rd period - Shot Misses the Net.
16:50 of 3rd period - Wrist shot by Tyler Johnson.
16:50 of 3rd period - Stopped by Jonas Hiller without a rebound.
16:51 of 3rd period - Brendan Shinnimin wins face-off versus Devante Smith-Pelly in RedWings zone.
17:35 of 3rd period - Andrew Miller is hit by Eric Gryba and loses puck.
18:04 of 3rd period - David Warsofsky is hit by TJ Galiardi and loses puck.
18:18 of 3rd period - Minor Penalty to Radko Gudas for Tripping.
18:19 of 3rd period - Shawn Horcoff wins face-off versus Matt Cullen in Devils zone.
18:33 of 3rd period - Wrist shot by Shawn Horcoff.
18:33 of 3rd period - Shot Blocked by Matt Irwin.
18:35 of 3rd period - Slapshot by Shawn Horcoff.
18:35 of 3rd period - Shot Misses the Net.
18:37 of 3rd period - Snap shot by Aaron Ekblad.
18:37 of 3rd period - Stopped by Devan Dubnyk with a rebound.
Goals for this period are 0 for RedWings vs 3 for Devils.
Shots for this period are 7 for RedWings vs 12 for Devils.